Map: [ESL] Oceanborn

Players

Mixu

  • Race: Zerg Zerg
  • League: Grandmaster
  • Spawn Location: 11:00

trigger - Winner!

  • Race: Protoss Protoss
  • League: Grandmaster
  • Spawn Location: 5:00

Event: HomeStory Cup XXIV

VOD

Have the link to the VOD?

Description

Time

  • Played on: Dec. 2, 2023, 2:10 p.m.
  • Length: 18:10

All games in this series

Show
View Real Time Build Order
Export as new Build Order

Mixu Zerg 

Build Orders: Hatch First, Lurkers 

Get SALT Encoding   

  12  0:00  Drone  
  13  0:12  Overlord  
  13  0:17  Drone  
  14  0:30  Drone x2  
  16  0:43  Drone  
  17  0:51  Hatchery  
  17  0:55  Drone  
  17  0:58  Drone  
  18  1:09  Extractor  
  17  1:13  Spawning Pool  
  17  1:17  Drone  
  17  1:20  Drone  
  18  1:28  Drone  
  19  1:40  Drone  
  20  1:50  Overlord  
  20  2:00  Queen  
  22  2:03  Drone, Queen  
  22  2:04  Zergling x2  
  26  2:12  Zergling x2, Metabolic Boost  
  26  2:14  Drone  
  28  2:23  Drone  
  28  2:25  Drone  
  30  2:36  Hatchery  
  29  2:41  Queen  
  31  2:46  Overlord  
  31  2:48  Drone  
  32  2:51  Drone  
  32  2:55  Zergling x4  
  36  2:58  Drone  
  36  3:04  Queen  
  38  3:07  Drone  
  38  3:12  Drone  
  39  3:13  Spore Crawler  
  39  3:19  Spore Crawler  
  36  3:20  Drone  
  36  3:23  Drone x2  
  36  3:25  Zergling x2  
  41  3:29  Overlord  
  41  3:30  Drone  
  41  3:32  Drone  
  43  3:45  Spore Crawler, Overlord  
  42  3:48  Drone x4, Spore Crawler  
  43  3:56  Drone x2  
  43  3:59  Drone  
  43  4:00  Drone x2  
  48  4:05  Drone  
  48  4:06  Queen  
  48  4:08  Drone  
  52  4:10  Drone x2  
  54  4:17  Drone x3  
  54  4:24  Queen  
  57  4:30  Drone x5  
  64  4:33  Overlord  
  64  4:38  Evolution Chamber  
  62  4:41  Drone x3  
  65  4:46  Overlord  
  65  4:47  Drone  
  66  4:54  Drone x6  
  66  4:59  Hatchery  
  71  5:02  Lair  
  71  5:04  Extractor  
  71  5:05  Extractor  
  71  5:06  Drone x2  
  71  5:09  Extractor  
  71  5:10  Zerg Melee Weapons Level 1  
  71  5:13  Drone x3  
  75  5:14  Drone x2  
  75  5:16  Zergling x2, Drone  
  75  5:17  Zergling x2  
  75  5:18  Drone  
  75  5:20  Drone  
  80  5:24  Drone x2  
  82  5:28  Overlord x2  
  82  5:30  Spore Crawler  
  82  5:33  Zergling x2  
  82  5:46  Overlord  
  82  5:48  Zergling x22  
  93  5:51  Extractor  
  93  5:55  Hatchery  
  91  5:58  Zergling x2  
  91  5:59  Zergling x6  
  91  6:01  Zergling x2  
  91  6:03  Overseer  
  96  6:07  Hatchery  
  96  6:10  Drone x5, Overlord  
  100  6:14  Roach Warren  
  100  6:15  Infestation Pit  
  98  6:18  Overlord x2  
  98  6:20  Zergling x2  
  98  6:22  Overlord  
  99  6:27  Overlord  
  99  6:32  Zergling x8  
  102  6:33  Zergling x4  
  102  6:38  Zergling x8  
  110  6:43  Overlord  
  110  6:44  Zergling x4  
  110  6:45  Zergling x4  
  113  6:50  Drone  
  112  6:54  Hive  
  112  6:55  Glial Reconstitution  
  112  6:57  Zergling x8  
  114  7:01  Roach x2  
  114  7:05  Roach x3  
  120  7:10  Roach x2  
  122  7:16  Roach x5  
  130  7:25  Drone x3  
  130  7:28  Drone x3  
  136  7:30  Drone x2  
  136  7:36  Extractor  
  133  7:37  Drone, Queen  
  133  7:38  Hydralisk Den  
  133  7:40  Zerg Melee Weapons Level 2  
  133  7:41  Zergling x14  
  133  7:42  Zergling x2  
  143  7:49  Zergling x4  
  145  7:51  Zergling x8  
  145  7:55  Zergling x2  
  149  8:00  Zergling x2  
  145  8:06  Adrenal Glands, Viper x2  
  145  8:08  Roach x2  
  145  8:09  Roach  
  154  8:12  Lurker Den  
  154  8:15  Overlord x4  
  154  8:17  Zergling x8  
  157  8:25  Overseer  
  157  8:32  Overlord  
  157  8:33  Overlord  
  157  8:39  Hydralisk x7  
  171  8:44  Zergling x8  
  171  8:45  Zergling x8  
  175  8:50  Zergling x4  
  175  8:51  Zergling x8  
  175  8:55  Zergling x12  
  185  9:02  Zergling x8  
  180  9:06  Zergling x4  
  167  9:11  Extractor  
  167  9:12  Extractor, Drone x2  
  167  9:13  Lurker  
  167  9:15  Seismic Spines  
  159  9:18  Hydralisk x5  
  159  9:23  Hydralisk x7  
  170  9:33  Zergling x6  
  171  9:38  Lurker x2  
  171  9:41  Overseer  
  172  9:45  Drone  
  172  9:46  Drone x5  
  172  9:49  Lurker x2  
  172  9:50  Zergling x12  
  186  9:54  Zergling x6  
  186  9:56  Zergling x12  
  189  10:00  Extractor  
  189  10:01  Extractor, Hydralisk  
  184  10:07  Hydralisk x4  
  184  10:11  Hydralisk x2  
  184  10:13  Zergling x4  
  186  10:14  Roach  
  186  10:16  Zergling x4  
  186  10:18  Adaptive Talons  
  186  10:20  Zergling x6  
  180  10:28  Zergling x2  
  180  10:29  Zergling x14  
  180  10:32  Hydralisk, Ravager  
  180  10:33  Hydralisk  
  178  10:42  Lurker x2  
  177  10:43  Lurker x4  
  177  10:46  Drone x8  
  188  10:52  Lurker  
  188  10:53  Zergling x10, Lurker  
  191  10:58  Overseer  
  191  10:59  Zerg Missile Weapons Level 1  
  179  11:08  Zergling x8  
  171  11:11  Viper  
  171  11:12  Zergling x2  
  171  11:13  Zergling x8  
  171  11:15  Spine Crawler  
  171  11:17  Viper, Spine Crawler  
  180  11:18  Zergling x2  
  180  11:19  Zergling x8  
  180  11:21  Zergling x4  
  181  11:26  Zergling x4  
  181  11:29  Zergling x8  
  180  11:33  Hydralisk  
  180  11:38  Hydralisk, Grooved Spines  
  180  11:39  Hydralisk x3  
  185  11:45  Hydralisk  
  182  11:49  Hydralisk x2  
  173  11:55  Hydralisk x3  
  165  12:01  Hydralisk  
  165  12:02  Hydralisk x5  
  165  12:06  Queen  
  165  12:08  Zergling x4  
  169  12:12  Zergling x6  
  161  12:19  Zergling x4  
  156  12:24  Zergling x8  
  156  12:34  Zergling x10  
  156  12:36  Drone  
  147  12:37  Lurker  
  147  12:38  Lurker x4  
  147  12:39  Lurker x4  
  147  12:42  Muscular Augments  
  156  13:01  Hydralisk  
  152  13:19  Hydralisk x6  
  150  13:25  Hydralisk x5  
  167  13:32  Hydralisk x3  
  170  13:47  Hydralisk  
  166  13:54  Hydralisk x5  
  159  14:07  Hydralisk x7  
  164  14:15  Hydralisk  
  164  14:16  Hydralisk x3  
  159  14:26  Viper  
  159  14:31  Zerg Missile Weapons Level 2  
  159  14:34  Zergling x2  
  159  14:35  Zergling x12  
  162  14:45  Zergling x8  
  166  14:53  Zergling x4  
  166  14:56  Hatchery  
  157  15:03  Zergling x12  
  157  15:08  Queen x2  
  157  15:11  Drone  
  157  15:13  Hydralisk x3  
  140  15:26  Hydralisk x4  
  139  15:31  Hydralisk  
  133  15:37  Hydralisk x3  
  133  15:40  Queen  
  130  15:45  Hydralisk x4  
  120  15:56  Hydralisk x4  
  120  16:01  Lurker x4  
  132  16:05  Hydralisk  
  132  16:10  Hydralisk  
  136  16:14  Zergling x4  
  136  16:16  Lurker x2  
  140  16:19  Hydralisk  
  140  16:21  Hatchery  
  140  16:23  Zergling x4  
  133  16:37  Zergling x10  
  135  17:01  Hatchery  
  131  17:05  Hydralisk x2  
  122  17:16  Hydralisk x3  
  117  17:24  Hydralisk  
  101  17:43  Hydralisk x2  
  101  17:46  Lurker x2  
  101  17:47  Lurker, Hatchery  
  103  17:55  Lurker x2  
Show
View Real Time Build Order
Export as new Build Order

trigger Protoss - Winner!

Build Orders: 1 Gate Expand, Oracle Opening 

Get SALT Encoding   

  12  0:00  Probe  
  13  0:12  Probe  
  14  0:19  Pylon  
  14  0:24  Probe  
  15  0:37  Probe (Chrono Boost)  
  15  0:39  Gateway  
  16  0:46  Probe (Chrono Boost)  
  17  0:50  Assimilator  
  17  0:51  Probe  
  18  1:03  Probe  
  19  1:15  Probe  
  20  1:26  Nexus  
  20  1:35  Cybernetics Core  
  20  1:39  Probe  
  21  1:43  Assimilator  
  21  1:51  Probe  
  22  1:55  Pylon  
  22  2:03  Probe  
  23  2:10  Adept (Chrono Boost)  
  25  2:15  Probe  
  25  2:20  Stargate  
  26  2:28  Probe (Chrono Boost)  
  27  2:30  Adept (Chrono Boost)  
  27  2:35  Warp Gate  
  29  2:38  Probe (Chrono Boost)  
  31  2:46  Probe (Chrono Boost)  
  31  2:47  Probe (Chrono Boost)  
  32  2:52  Probe x2 (Chrono Boost)  
  32  2:56  Adept  
  36  3:04  Probe x2  
  38  3:07  Oracle (Chrono Boost)  
  41  3:16  Probe x2  
  43  3:24  Pylon  
  41  3:28  Probe  
  41  3:29  Probe  
  41  3:32  Gateway  
  43  3:36  Oracle (Chrono Boost)  
  46  3:42  Pylon, Probe  
  46  3:43  Probe  
  48  3:54  Probe  
  46  3:55  Probe  
  47  4:03  Nexus  
  47  4:06  Oracle (Chrono Boost), Probe  
  47  4:08  Probe  
  52  4:11  Assimilator  
  51  4:18  Probe  
  51  4:21  Probe  
  51  4:24  Assimilator, Adept  
  53  4:31  Probe  
  56  4:33  Probe  
  57  4:40  Twilight Council  
  57  4:41  Forge  
  57  4:43  Probe  
  57  4:45  Probe  
  59  4:55  Probe  
  59  4:57  Gateway  
  59  4:58  Gateway  
  59  4:59  Probe  
  61  5:06  Shield Battery  
  61  5:08  Pylon  
  61  5:10  Probe (Chrono Boost)  
  62  5:15  Probe (Chrono Boost)  
  62  5:17  Blink (Chrono Boost), Probe (Chrono Boost)  
  62  5:19  Protoss Ground Weapons Level 1  
  62  5:20  Stalker x2  
  69  5:24  Probe x2 (Chrono Boost)  
  69  5:26  Probe (Chrono Boost)  
  71  5:30  Pylon  
  71  5:32  Probe (Chrono Boost)  
  71  5:33  Probe (Chrono Boost)  
  74  5:38  Probe (Chrono Boost)  
  74  5:39  Probe (Chrono Boost)  
  74  5:40  Probe (Chrono Boost)  
  76  5:45  Robotics Facility  
  76  5:46  Probe, Pylon, Stalker x2  
  81  5:52  Assimilator  
  81  5:53  Probe  
  81  5:55  Pylon  
  82  5:59  Probe x2  
  82  6:02  Stalker x2  
  88  6:11  Stalker x2  
  88  6:13  Probe x2  
  88  6:15  Probe  
  95  6:25  Probe  
  96  6:27  Pylon  
  96  6:30  Stalker x2  
  96  6:32  Probe x2  
  102  6:33  Assimilator  
  102  6:36  Pylon  
  102  6:40  Pylon  
  102  6:48  Nexus  
  102  6:49  Probe  
  102  6:54  Probe  
  104  6:58  Stalker x2  
  104  6:59  Stalker  
  110  7:06  Probe x2  
  110  7:07  Charge  
  112  7:09  Gateway  
  112  7:11  Gateway  
  112  7:12  Robotics Bay  
  112  7:14  Robotics Facility, Forge  
  112  7:16  Stalker  
  112  7:18  Pylon  
  112  7:22  Stalker x2  
  112  7:33  Stalker  
  112  7:36  Shield Battery  
  114  7:38  Photon Cannon  
  114  7:39  Shield Battery  
  114  7:41  Protoss Ground Weapons Level 2 (Chrono Boost)  
  114  7:44  Templar Archives  
  114  7:47  Shield Battery  
  114  7:48  Shield Battery  
  114  7:49  Stalker  
  114  7:50  Stalker  
  118  7:52  Stalker  
  119  7:59  Probe x2  
  119  8:02  Probe x2  
  119  8:03  Colossus (Chrono Boost)  
  119  8:05  Templar Archives  
  134  8:14  Colossus (Chrono Boost)  
  134  8:15  Probe  
  134  8:19  Pylon  
  135  8:23  Probe  
  135  8:24  Photon Cannon  
  135  8:26  Pylon  
  136  8:29  Zealot x3  
  136  8:32  Shield Battery  
  136  8:33  Photon Cannon  
  142  8:35  Zealot  
  142  8:38  Extended Thermal Lance  
  144  8:43  High Templar x2  
  146  8:48  Archon, Photon Cannon  
  146  8:52  Stalker x3  
  146  8:56  Zealot  
  146  9:02  Immortal  
  148  9:17  Stalker x5  
  148  9:18  Stalker  
  158  9:29  Colossus (Chrono Boost)  
  152  9:31  Probe  
  152  9:37  Colossus (Chrono Boost)  
  159  9:38  Assimilator  
  159  9:39  Assimilator  
  159  9:41  Protoss Ground Armor Level 1 (Chrono Boost)  
  165  9:47  Pylon  
  165  9:57  Zealot x3  
  166  10:02  Nexus  
  155  10:08  Zealot x3  
  155  10:13  Probe x2  
  136  10:14  Immortal (Chrono Boost)  
  136  10:15  Probe  
  136  10:16  Probe  
  136  10:19  Zealot x3  
  146  10:25  Probe  
  147  10:29  High Templar x3  
  147  10:38  Immortal (Chrono Boost)  
  147  10:39  Archon  
  147  10:40  High Templar, Zealot  
  147  10:41  Zealot  
  155  10:48  Shield Battery, Probe  
  155  10:49  Photon Cannon, Probe  
  157  10:50  Probe  
  157  10:51  Photon Cannon  
  156  10:58  Gateway  
  156  11:10  High Templar x2  
  156  11:11  High Templar  
  150  11:12  Zealot, Archon  
  150  11:13  Zealot x2  
  150  11:14  Immortal  
  150  11:17  Archon  
  158  11:29  Immortal  
  156  11:38  High Templar  
  155  11:41  Zealot x2  
  155  11:44  Pylon  
  155  11:45  Archon  
  159  11:49  Nexus  
  157  11:57  Immortal  
  157  11:58  Zealot x2  
  163  12:04  Probe  
  163  12:05  Probe  
  163  12:08  Probe  
  162  12:22  Immortal (Chrono Boost)  
  148  12:27  Zealot x5, Pylon  
  144  12:35  Probe  
  133  12:38  Immortal (Chrono Boost)  
  133  12:40  High Templar x2  
  133  12:43  Assimilator  
  141  12:45  Gravitic Boosters  
  141  12:55  Observer (Chrono Boost)  
  138  12:58  High Templar x3  
  138  13:00  Zealot x2  
  138  13:02  Archon  
  148  13:08  Probe x2  
  148  13:10  Immortal, Probe  
  148  13:11  Probe  
  148  13:12  Probe  
  157  13:18  Immortal  
  157  13:20  Probe  
  153  13:27  Zealot x4  
  159  13:36  Psionic Storm  
  159  13:40  Probe  
  160  13:46  Zealot x3  
  164  13:49  Observer  
  164  13:51  Shield Battery  
  164  13:54  Photon Cannon  
  143  13:56  Zealot x3  
  143  13:57  Observer  
  143  13:59  Zealot  
  134  14:06  Probe x2  
  134  14:07  Probe  
  119  14:16  High Templar  
  119  14:17  High Templar x3  
  106  14:18  Probe  
  106  14:20  Zealot x2  
  115  14:27  Zealot  
  115  14:30  Probe  
  112  14:35  Observer  
  112  14:37  Probe x2 (Chrono Boost)  
  110  14:38  Probe (Chrono Boost)  
  110  14:42  Probe (Chrono Boost)  
  111  14:49  Probe (Chrono Boost)  
  111  14:51  Probe (Chrono Boost)  
  105  15:04  Zealot x5  
  114  15:10  Probe (Chrono Boost)  
  114  15:11  Probe (Chrono Boost)  
  106  15:17  Probe (Chrono Boost)  
  106  15:19  Observer (Chrono Boost), Probe (Chrono Boost)  
  107  15:21  Probe (Chrono Boost)  
  95  15:31  High Templar x4  
  95  15:32  Observer (Chrono Boost), Immortal (Chrono Boost)  
  108  15:41  Probe  
  107  15:43  Archon  
  107  15:44  Archon  
  107  15:47  Zealot x3  
  107  15:48  Archon  
  111  15:51  Observer  
  112  16:02  Probe x3 (Chrono Boost)  
  115  16:04  Probe (Chrono Boost)  
  115  16:07  High Templar  
  115  16:10  Observer (Chrono Boost)  
  118  16:14  Probe (Chrono Boost)  
  118  16:15  Immortal (Chrono Boost), Probe (Chrono Boost)  
  118  16:18  Probe x2 (Chrono Boost)  
  126  16:20  Probe x2 (Chrono Boost)  
  126  16:24  Probe  
  129  16:27  Observer (Chrono Boost)  
  124  16:35  Probe  
  125  16:40  Observer (Chrono Boost)  
  125  16:45  Zealot x6  
  136  16:48  Assimilator  
  136  16:49  Assimilator  
  136  16:58  Zealot  
  142  17:02  Observer  
  142  17:07  Immortal (Chrono Boost)  
  128  17:10  Zealot x4  
  126  17:23  Probe  
  115  17:31  High Templar x3  
  121  17:39  Zealot x4  
  121  17:42  Nexus  
  129  17:47  Pylon  
Tags
 
Add a new tag
Caveats
  • Supply blocks, unpowered buildings, or Contaminate may cause inaccurate times.
  • Supply counts are checked every 10 seconds.